 Dungeon Crawl Stone Soup version 0.31-a0-675-g238779eb0a (webtiles) character file.

Game seed: 5616177983151397270

271 avis the Changeling (level 6, -8/25 HPs)
             Began as a Felid Shapeshifter on Sept 6, 2023.
             Splashed by a jelly's acid (9 damage)
             ... on level 4 of the Dungeon.
             The game lasted 00:15:01 (3991 turns).

avis the Changeling (Felid Shapeshifter)            Turns: 3991, Time: 00:15:01

Health: -8/25      AC: -10   Str: 12    XL:     6   Next: 2%
Magic:  7/7        EV: 19    Int: 12    God:
Gold:   175        SH:  0    Dex: 15    Spells: 5/5 levels left
                                        Lives:  0   Deaths: 2

rFire   . .          .
                       - Unarmed
rCold   . . .        (shield unavailable)
rNeg    . . .        (body armour unavailable)
rPois   .            (helmet unavailable)
rElec   .            (cloak unavailable)
rCorr   .            (gloves unavailable)
SInv    +            (boots unavailable)
Will    .....        (no amulet)
Stlth   +            l - ring of wizardry
HPRegen 0.24/turn    (no ring)
MPRegen 0.10/turn

%: wizardry (x1)
@: beast-form, corroded, quick
A: beast (slay +3), very small, claws 1, fangs 3, see invisible, speed 1, shaggy
fur 2, stealthy paws, no weapons or thrown items, no armour, multi-lived
a: Begin Untransformation


You were on level 4 of the Dungeon.
You were a hulking beast.
You visited 1 branch of the dungeon, and saw 4 of its levels.

You collected 175 gold pieces.

Inventory:

Jewellery
 l - a ring of wizardry (left paw)
Talismans
 b - a beast talisman (active)
 c - a flux talisman
Wands
 o - a wand of flame (20)
Scrolls
 d - 6 scrolls of identify {unknown}
 f - a scroll of fear {unknown}
 h - a scroll of fog {unknown}
 i - 3 scrolls of poison {unknown}
 j - 2 scrolls of teleportation {unknown}
 k - 2 scrolls of revelation {unknown}
 m - a scroll of vulnerability {unknown}
 q - a scroll of enchant weapon {unknown}
Potions
 a - 2 potions of lignification
 e - 2 potions of degeneration {unknown}
 g - 2 potions of curing
 n - a potion of cancellation {unknown}
 p - 2 potions of brilliance {unknown}
 r - a potion of berserk rage {unknown}


   Skills:
 - Level 1.0 Fighting
 - Level 5.0 Dodging
 - Level 3.0 Unarmed Combat
 * Level 6.1 Shapeshifting


You had 5 spell levels left.
You didn't know any spells.
Your spell library contained the following spells:

 Spells                   Type           Power      Damage    Failure   Level
 Lesser Beckoning         Tloc           0%         N/A       21%         2
 Gell's Gravitas          Tloc           0%         N/A       36%         3
 Teleport Other           Tloc           0%         N/A       36%         3


Dungeon Overview and Level Annotations

Branches:
Dungeon (4/15)
 Temple: D:4-7

Altars:
Ru
Uskayaw

Annotations:
D:4 1 transporter, spiderkeys's ghost, amateur DgFi


Innate Abilities, Weirdness & Mutations

You are a hulking beast.
Your limbs bulge with bestial killing power. (Slay +3)
You have sharp claws.
You have razor-sharp teeth.
You have supernaturally acute eyesight. (SInv)
You cover ground quickly. (Speed+)
You are covered in thick fur. (AC +2)
Your paws help you pounce on unaware monsters.
You are incapable of wielding weapons or throwing items.
You cannot wear armour.
You gain extra lives every three experience levels.


Message History

The adder closely misses you. The adder bites you.
You are poisoned.
The adder poisons you!
You scratch the adder.
The adder is almost dead.
You feel sick. The adder barely misses you.
You closely miss the adder.
The adder is severely wounded.
You feel sick. The adder bites you.
* * * LOW HITPOINT WARNING * * *
You claw the adder!
You kill the adder!
You have reached level 6!
Your fur grows into a thick mane.
It was a potion of curing.
You feel better.
You start resting.
HP restored.
You see here an adder corpse.
You now have 175 gold pieces (gained 16).
The jelly quivers.
The jelly barely misses you.
You scratch the jelly.
Your paws burn!
The jelly is lightly wounded.
The jelly hits you. The acid corrodes you!
You are splashed with acid!
You scratch the jelly.
Your paws burn!
The jelly is heavily wounded.
The jelly hits you. The acid corrodes you!
You are splashed with acid.
* * * LOW HITPOINT WARNING * * *
You scratch the jelly but do no damage.
Your paws burn!
* * * LOW HITPOINT WARNING * * *
The jelly is heavily wounded.
The jelly jiggles.
The jelly misses you.
You scratch the jelly.
Your paws burn!
* * * LOW HITPOINT WARNING * * *
The jelly is severely wounded.
The jelly hits you.
* * * LOW HITPOINT WARNING * * *
The acid corrodes you!
You are splashed with acid!
You die...

........# ..#
##.#########+## ###
#.............#
#.............#
#.............#
#...##.......##
....##.#################
.)..##.....#.#.#...#.#.#
......####.##.#.h#..#.##
#.......##.#.#.J###..#.#
.#..#.#.##.##..##.##..##
##...<#.##.#..##...##..#
.#.####.#....##.......†#
##......#.##..##...##..#
...######.###..##.##..##
#####...#.##.#..###..#.#
# #.....###.#..#..#†##


You could see a jelly.

Vanquished Creatures
  2 hounds (D:4)
  A sleepcap (D:4)
  9 adders
  4 worms
  5 dart slugs
  4 bats
  9 endoplasms
  3 giant cockroaches
  8 hobgoblins
  11 kobolds
  3 quokkas (D:1)
  10 ball pythons
  3 frilled lizards (D:1)
  5 goblins
  7 rats
84 creatures vanquished.

Notes
Turn   | Place    | Note
-------+----------+-------------------------------------------
     0 | D:1      | avis the Felid Shapeshifter began the quest for the Orb.
     0 | D:1      | Reached XP level 1. HP: 9/9 MP: 2/2
   339 | D:1      | Reached XP level 2. HP: 9/12 MP: 3/3
   901 | D:1      | Reached XP level 3. HP: 10/15 MP: 4/4
  1445 | D:2      | Reached skill level 5 in Dodging
  1813 | D:2      | Reached skill level 4 in Shapeshifting
  1813 | D:2      | Reached XP level 4. HP: 10/19 MP: 5/5
  2940 | D:3      | Found a faded altar of an unknown god.
  3244 | D:4      | Found a sacrificial altar of Ru.
  3397 | D:4      | Reached XP level 5. HP: 22/22 MP: 6/6
  3422 | D:4      | Splashed by a jelly's acid
  3436 | D:4      | Found a transporter.
  3446 | D:4      | Slain by a sleepcap
  3453 | D:4      | Reached skill level 5 in Shapeshifting
  3601 | D:4      | Found a hide-covered altar of Uskayaw.
  3701 | D:4      | Noticed spiderkeys's ghost (amateur DgFi)
  3890 | D:4      | Reached skill level 6 in Shapeshifting
  3895 | D:4      | HP: 1/22 [adder (4)]
  3897 | D:4      | Gained mutation: You are covered in thick fur. (AC +2)
                  | [Felid growth]
  3897 | D:4      | Reached XP level 6. HP: 2/25 MP: 7/7
  3991 | D:4      | HP: 1/25 [acid (1)]
  3991 | D:4      | Splashed by a jelly's acid

Illustrated notes

Levels and vault maps discovered:
D:1:      wander_arrival_desolate, layout_basic, st_stairs_10, minmay_tripent
D:2:      layout_basic, serial_forest, infiniplex_forest_end_2,
          infiniplex_forest_end_1, infiniplex_forest_clump_double,
          infiniplex_forest_end_2, infiniplex_forest_lined_room_2,
          infiniplex_forest_end_2, infiniplex_forest_end_3,
          infiniplex_forest_end_2, minivault_14
D:3:      layout_loops_ring, hellmonk_ecumenical_altar_lost_god,
          nicolae_twisty_statue_hallways
D:4:      minmay_diamond_boxcup, layout_basic, kennysheep_mini_moat,
          nicolae_ru_sacrificial_ziggurat, gammafunk_ghost_abyssal_escape,
          minmay_misc_feat_square

Skill      XL: |  1  2  3  4  5 |
---------------+----------------+-----
Dodging        | 3 4 5 |  5.0
Shapeshifting  | 4 6 |  6.1
Fighting       | |  1.0
Unarmed Combat | |  3.0

Action                     |  1- 3 |  4- 6 || total
---------------------------+-------+-------++-------
  Melee: Unarmed           |   129 |   218 ||   347
         Bite              |    10 |    41 ||    51
         Punch             |       |     5 ||     5
    Use: Potion            |       |     1 ||     1
   Stab: Sleeping          |     4 |     2 ||     6
         Distracted        |     1 |     1 ||     2
 Armour: Skin              |    25 |    27 ||    52
  Dodge: Dodged            |    76 |    58 ||   134

Table legend: (Time is in decaauts)
 A = Elapsed time spent in this place.
 B = Non-inter-level travel time spent in this place.
 C = Inter-level travel time spent in this place.
 D = Time resting spent in this place.
 E = Time spent auto-exploring this place.
 F = Levels seen in this place.
 G = Mean time per level.
                   A        B        C        D        E       F      G
               +--------+--------+--------+--------+--------+-----+--------+
         Total |   3406 |   3145 |    261 |    529 |   1706 |   4 |  851.5 |
       Dungeon |   3406 |   3145 |    261 |    529 |   1706 |   4 |  851.5 |
               +--------+--------+--------+--------+--------+-----+--------+

Top non-repeatable levels by time:
     D:1: 1117 daAuts
     D:2: 1020 daAuts
     D:3: 645 daAuts
     D:4: 623 daAuts
